 Dungeon Crawl Stone Soup version 0.24.1 (webtiles) character file.

Game seed: 9134076684281967830, levelgen mode: deterministic

21 Bobz the Magician (level 2, -15/23 HPs)
             Began as a Draconian Wanderer on Mar 23, 2020.
             Killed from afar by a hobgoblin (38 damage)
             ... with an exploding inner flame
             ... hexed by the player character
             ... on level 1 of the Dungeon.
             The game lasted 00:13:45 (1097 turns).

Bobz the Magician (Draconian Wanderer)              Turns: 1097, Time: 00:13:46

Health: -15/23     AC:  4    Str: 12    XL:     2   Next: 62%
Magic:  3/5        EV: 11    Int: 14    God:
Gold:   74         SH:  0    Dex: 10    Spells: 5/6 levels left

rFire    . . .     SeeInvis .   i - +0 whip
rCold    . . .     Gourm    .   (no shield)
rNeg     + . .     Faith    .   (armour unavailable)
rPois    .         Spirit   .   (helmet restricted)
rElec    .         Reflect  .   (no cloak)
rCorr    .         Harm     .   (no gloves)
MR       .....                  (no boots)
Stlth    +.........             (no amulet)
HPRegen  0.07/turn              b - ring of positive energy
MPRegen  0.09/turn              (no ring)

@: very slightly contaminated
A: unfitting armour, cold-blooded, AC +4
a: no special abilities


You were on level 1 of the Dungeon.
You were not hungry.

You visited 1 branch of the dungeon, and saw 1 of its levels.

You collected 74 gold pieces.

Inventory:

Hand Weapons
 a - a +0 club
 e - a +0 dagger
 i - a +0 whip (weapon)
Jewellery
 b - a ring of positive energy (left hand)
Scrolls
 c - a scroll of fear
 d - a scroll of teleportation
 j - a scroll of identify {unknown}
Comestibles
 f - 3 rations


   Skills:
 + Level 1.2 Fighting
 + Level 0.1 Maces & Flails
   Level 1.7 Bows
   Level 1.0 Shields
 + Level 2.9 Spellcasting
 + Level 1.0 Conjurations
   Level 2.0 Earth Magic
 + Level 0.2 Poison Magic
   Level 1.0 Evocations


You had 5 spell levels left.
You knew the following spells:

 Your Spells              Type           Power        Failure   Level  Hunger
a - Sting                 Conj/Pois      #...         17%         1    #......

Your spell library contained the following spells:

 Spells                   Type           Power        Failure   Level  Hunger
 Magic Dart               Conj           #...         14%         1    #......
 Blink                    Tloc           N/A          32%         2    ##.....
 Call Imp                 Summ           #.......     32%         2    ##.....
 Slow                     Hex            #.......     32%         2    ##.....
 Conjure Flame            Conj/Fire      #.......     47%         3    ###....
 Mephitic Cloud           Conj/Pois/Air  #.......     50%         3    ###....
 Spider Form              Tmut/Pois      #.........   52%         3    ###....


Dungeon Overview and Level Annotations

Branches:
Dungeon (1/15)

Altars:


Innate Abilities, Weirdness & Mutations

Your plain brown scales are hard. (AC +4)
You cannot fit into any form of body armour.
You are cold-blooded and may be slowed by cold attacks.


Message History

Casting: Sting (safe; 17% risk of failure)
Confirm with . or Enter, or press ? or * to list all spells.
Aiming: Sting (safe; 17% risk of failure)
Press: ? - help, Shift-Dir - straight line, f - hobgoblin
Aim: a hobgoblin, wielding a +0 club (inner flame)
The sting hits the hobgoblin.
The hobgoblin is severely wounded.
Casting: Sting (safe; 17% risk of failure)
Confirm with . or Enter, or press ? or * to list all spells.
Aiming: Sting (safe; 17% risk of failure)
Press: ? - help, Shift-Dir - straight line, f/p - hobgoblin
Aim: a hobgoblin, wielding a +0 club (severely wounded, inner flame)
You miscast Sting.
You are very lightly contaminated with residual magic.
You feel sick.
You hit the hobgoblin but do no damage. You tail-slap the hobgoblin.
The hobgoblin explodes!
The fiery explosion engulfs you!!!
Ouch! That really hurt!
You die...

.# ##...⌠.........⌠...# .#
#......⌠...⌠......# .#
##.............[.## .#######
####.........####. .#.....#
#######.########### #.. ...###)#
#.....#.#.....#>#.# #.#
...###.####.....#.#.....#.#.###..
...#............#.#.............#
.....#.####.....@§#.....#.#.#####
.#.###.####.....#§#.....#.#.#####
.#.....#......###§........#......
.#######.###.## #.#.....#########
..## #.# #.# #.#.#.#.# ## ...##
#.###.####.#.#.#.## ##. ....##
#.#.#......#.#.#..## ##..
.....###....#######.......####...
.#...'.......................'...


There were no monsters in sight!

Vanquished Creatures
  3 leopard geckos (D:1)
  A giant cockroach (D:1)
  2 goblins (D:1)
  3 hobgoblins (D:1)
  2 frilled lizards (D:1)
  4 kobolds (D:1)
  A rat (D:1)
16 creatures vanquished.

Notes
Turn   | Place    | Note
-------+----------+-------------------------------------------
     0 | D:1      | Bobz the Draconian Wanderer began the quest for the Orb.
     0 | D:1      | Bobz set off with the following items: a +0 club, a ration;
                  | and the following spells available to memorise: Magic Dart,
                  | Sting, Blink, Call Imp, Slow, Conjure Flame, Mephitic
                  | Cloud, Spider Form
     0 | D:1      | Reached XP level 1. HP: 16/16 MP: 3/3
     3 | D:1      | Learned a level 1 spell: Sting
   428 | D:1      | Reached XP level 2. HP: 23/23 MP: 2/5
  1097 | D:1      | Killed from afar by a hobgoblin

Levels and vault maps discovered:
D:1:      dpeg_arrival_stone_temple_mockup, layout_loops_corners,
          minmay_domino_4

Action                   || total
-------------------------++-------
Melee: Club              ||    40
       Tailslap          ||     4
       Whip              ||     1
 Cast: Sting             ||    26
  Use: Scroll            ||     4
  Eat: Chunk             ||     1
Armor: Skin              ||    12
Dodge: Dodged            ||    21
